[ AOE2 MATCH · #480477188 ]
UnrankedRomans vs Bulgarians
Player's team · LOSS
[ REPLAY ANALYSIS · EXTRACTED FROM THE RECORDED GAME ]
Feudal
—
Castle
—
Imperial
—
| APM avg | 66.1 |
| APM peak | 90 |
| eAPM avg | 36.5 |
| Villagers / military | 118 / 136 |
Focus
⚔️ 17.1% · 🌾 82.9%
Militia ×112 · Spearman ×13 · Fishing Ship ×11 · Scorpion ×10 · Trebuchet (Packed) ×1
Feudal
10:28
Castle
14:51
Imperial
40:43
| APM avg | 32.1 |
| APM peak | 71 |
| eAPM avg | 12.3 |
| Villagers / military | 101 / 96 |
Focus
⚔️ 39.2% · 🌾 60.8%
Konnik ×63 · Fishing Ship ×18 · Cavalry Archer ×18 · Battering Ram ×6 · Fire Galley ×4 · Archer ×2
Match map
Initial resources + every placement click. Lines = walls · curves = elevation contours. ◆ gold · ⬟ stone · ● berries · ✦ relic · ◌ wall gap
Your base· Open — unwalled flank
JefferyCZ's base· Open — unwalled flank
Smoothed initial terrain · ◌ = detected wall gap · hover for details
Inputs per minute
— BLKN Jasar - - JefferyCZ
Build order — BLKN Jasar
First 150 of 452 actions detected
| 0:01 | Create | Villager (Male) |
| 0:01 | Create | Villager (Male) |
| 0:02 | Create | Villager (Male) |
| 0:02 | Build | House |
| 0:03 | Build | House |
| 0:14 | Create | Villager (Male) |
| 1:22 | Create | Villager (Male) |
| 1:43 | Build | Lumber Camp |
| 2:00 | Create | Villager (Male) |
| 2:19 | Create | Villager (Male) |
| 2:49 | Create | Villager (Male) |
| 3:05 | Create | Villager (Male) |
| 3:35 | Create | Villager (Male) |
| 3:59 | Build | House |
| 4:06 | Create | Villager (Male) |
| 4:32 | Create | Villager (Male) |
| 4:32 | Create | Villager (Male) |
| 4:39 | Build | Dock |
| 5:14 | Build | House |
| 5:17 | Build | House |
| 5:25 | Create | Villager (Male) |
| 5:25 | Create | Villager (Male) |
| 5:44 | Create | Villager (Male) |
| 5:52 | Build | House |
| 6:15 | Research | Loom |
| 6:44 | Build | Mining Camp |
| 6:47 | Create | Fishing Ship |
| 7:03 | Create | Fishing Ship |
| 7:11 | Create | Villager (Male) |
| 7:31 | Build | House |
| 8:08 | Create | Fishing Ship |
| 8:22 | Research | Feudal Age |
| 8:41 | Build | Barracks |
| 9:06 | Create | Fishing Ship |
| 9:17 | Create | Villager (Male) |
| 9:40 | Create | Militia |
| 9:41 | Create | Militia |
| 9:52 | Build | Mill |
| 10:08 | Build | House |
| 10:34 | Research | Man-at-Arms (upgrade) |
| 10:38 | Create | Militia |
| 10:53 | Create | Villager (Male) |
| 10:56 | Build | Blacksmith |
| 11:00 | Create | Villager (Male) |
| 11:03 | Create | Militia |
| 11:24 | Research | Scale Mail Armor |
| 11:29 | Create | Militia |
| 11:31 | Create | Villager (Male) |
| 11:39 | Research | Double-Bit Axe |
| 11:50 | Create | Villager (Male) |
| 12:08 | Build | Farm |
| 12:08 | Build | Farm |
| 12:08 | Build | Farm |
| 12:09 | Build | Farm |
| 12:10 | Create | Villager (Male) |
| 12:20 | Create | Villager (Male) |
| 12:23 | Build | Farm |
| 12:43 | Create | Villager (Male) |
| 12:44 | Create | Militia |
| 12:48 | Build | House |
| 12:54 | Create | Fishing Ship |
| 13:09 | Create | Villager (Male) |
| 13:17 | Create | Militia |
| 13:20 | Create | Villager (Male) |
| 13:32 | Create | Fishing Ship |
| 13:32 | Create | Fishing Ship |
| 13:34 | Create | Villager (Male) |
| 13:41 | Build | House |
| 13:53 | Create | Militia |
| 13:57 | Research | Forging |
| 14:11 | Build | Farm |
| 14:23 | Create | Fishing Ship |
| 14:39 | Create | Militia |
| 14:43 | Create | Villager (Male) |
| 14:47 | Build | Farm |
| 14:49 | Build | House |
| 14:51 | Build | House |
| 14:53 | Create | Militia |
| 14:56 | Create | Militia |
| 15:02 | Build | House |
| 15:04 | Create | Villager (Male) |
| 15:17 | Create | Militia |
| 15:47 | Create | Villager (Male) |
| 15:51 | Build | Farm |
| 15:51 | Build | Farm |
| 15:53 | Research | Horse Collar |
| 15:53 | Research | Horse Collar |
| 16:04 | Create | Villager (Male) |
| 16:06 | Build | Farm |
| 16:30 | Build | Market |
| 16:49 | Create | Villager (Male) |
| 16:54 | Build | Farm |
| 16:56 | Build | Farm |
| 16:56 | Build | Farm |
| 16:56 | Build | Farm |
| 17:19 | Create | Villager (Male) |
| 17:19 | Create | Villager (Male) |
| 17:21 | Create | Fishing Ship |
| 17:43 | Build | Farm |
| 17:43 | Build | Farm |
| 17:43 | Build | Farm |
| 17:43 | Build | Farm |
| 17:44 | Create | Villager (Male) |
| 18:30 | Research | Castle Age |
| 18:34 | Build | Barracks |
| 18:45 | Research | Gold Mining |
| 19:08 | Create | Militia |
| 19:08 | Create | Militia |
| 19:23 | Create | Fishing Ship |
| 19:32 | Create | Militia |
| 19:33 | Create | Militia |
| 19:48 | Build | Watch Tower |
| 19:51 | Build | House |
| 19:52 | Build | House |
| 19:55 | Build | House |
| 20:01 | Build | Palisade Wall |
| 20:05 | Build | House |
| 20:06 | Build | House |
| 20:11 | Build | Palisade Wall |
| 20:40 | Research | Fletching |
| 21:01 | Create | Militia |
| 21:02 | Create | Militia |
| 21:13 | Build | Siege Workshop |
| 21:17 | Research | Long Swordsman (upgrade) |
| 21:17 | Research | Squires |
| 21:19 | Create | Villager (Male) |
| 21:36 | Create | Militia |
| 21:36 | Create | Militia |
| 21:39 | Create | Villager (Male) |
| 21:47 | Research | Chain Mail Armor |
| 21:59 | Create | Villager (Male) |
| 22:01 | Create | Scorpion |
| 22:01 | Create | Scorpion |
| 22:03 | Create | Militia |
| 22:19 | Create | Scorpion |
| 22:22 | Create | Militia |
| 22:22 | Create | Militia |
| 22:37 | Create | Villager (Male) |
| 22:42 | Build | Farm |
| 22:43 | Build | Farm |
| 22:43 | Build | Farm |
| 22:43 | Build | Farm |
| 22:49 | Create | Militia |
| 22:59 | Create | Scorpion |
| 23:06 | Create | Scorpion |
| 23:08 | Create | Militia |
| 23:09 | Create | Villager (Male) |
| 23:22 | Create | Villager (Male) |
| 23:30 | Create | Scorpion |
| 23:36 | Create | Villager (Male) |
Build order — JefferyCZ
First 150 of 258 actions detected
| 0:00 | Create | Villager (Male) ×4 |
| 0:02 | Build | House |
| 0:03 | Build | House |
| 1:33 | Create | Villager (Male) |
| 1:53 | Build | Lumber Camp |
| 2:07 | Create | Villager (Male) |
| 2:21 | Create | Villager (Male) |
| 2:21 | Create | Villager (Male) |
| 2:49 | Create | Villager (Male) ×2 |
| 3:34 | Build | House |
| 3:44 | Create | Villager (Male) |
| 3:45 | Create | Villager (Male) |
| 3:58 | Create | Villager (Male) |
| 4:31 | Build | Dock |
| 4:34 | Build | Palisade Wall |
| 4:38 | Create | Villager (Male) |
| 5:07 | Create | Villager (Male) |
| 5:07 | Create | Villager (Male) ×2 |
| 5:07 | Create | Villager (Male) ×2 |
| 5:14 | Create | Fishing Ship |
| 5:39 | Create | Villager (Male) |
| 5:42 | Build | House |
| 5:57 | Create | Fishing Ship |
| 6:33 | Create | Fishing Ship |
| 6:50 | Create | Villager (Male) |
| 7:17 | Create | Villager (Male) |
| 7:23 | Build | House |
| 7:27 | Build | Mill |
| 7:41 | Research | Loom |
| 8:18 | Research | Feudal Age |
| 8:57 | Build | Mining Camp |
| 9:07 | Create | Fishing Ship |
| 9:45 | Build | Palisade Wall |
| 9:46 | Build | Palisade Wall |
| 9:49 | Build | Palisade Wall |
| 9:52 | Create | Villager (Male) |
| 10:28 | Age | Feudal Age |
| 10:30 | Build | Market |
| 10:42 | Build | Blacksmith |
| 10:44 | Build | Palisade Wall |
| 10:44 | Build | Palisade Wall |
| 10:46 | Build | Palisade Wall |
| 10:48 | Create | Villager (Male) |
| 11:21 | Create | Villager (Male) |
| 11:21 | Create | Villager (Male) |
| 11:38 | Build | Lumber Camp |
| 12:11 | Research | Castle Age |
| 12:34 | Create | Fishing Ship |
| 12:35 | Create | Fishing Ship |
| 12:47 | Build | Dock |
| 12:52 | Build | House |
| 13:18 | Build | Barracks |
| 13:21 | Build | House |
| 13:24 | Build | House |
| 13:31 | Research | Double-Bit Axe |
| 14:02 | Build | Archery Range |
| 14:10 | Create | Villager (Male) |
| 14:10 | Create | Villager (Male) |
| 14:45 | Create | Archer |
| 14:45 | Create | Archer |
| 14:51 | Age | Castle Age |
| 14:52 | Create | Cavalry Archer |
| 14:52 | Create | Cavalry Archer |
| 14:52 | Create | Cavalry Archer |
| 14:54 | Research | Fletching |
| 15:09 | Research | Tech 906 |
| 15:30 | Research | Bodkin Arrow |
| 15:56 | Create | Cavalry Archer |
| 16:00 | Build | Archery Range |
| 16:17 | Create | Galley |
| 16:27 | Create | Villager (Male) |
| 16:27 | Create | Villager (Male) |
| 16:49 | Create | Cavalry Archer ×3 |
| 16:57 | Build | House |
| 17:09 | Build | House |
| 17:26 | Build | House |
| 17:43 | Build | University |
| 17:54 | Create | Cavalry Archer ×2 |
| 17:54 | Create | Cavalry Archer ×2 |
| 17:55 | Create | Villager (Male) ×3 |
| 18:50 | Build | Town Center |
| 19:25 | Research | Ballistics |
| 19:32 | Create | Villager (Male) |
| 19:35 | Build | Town Center |
| 19:48 | Create | Fishing Ship |
| 20:03 | Create | Cavalry Archer ×2 |
| 20:34 | Create | Villager (Male) |
| 20:35 | Create | Villager (Male) |
| 21:05 | Create | Villager (Male) |
| 21:09 | Build | Mill |
| 21:41 | Create | Villager (Male) |
| 21:54 | Research | Horse Collar |
| 21:56 | Build | Farm |
| 21:57 | Build | Farm |
| 21:57 | Build | Farm |
| 21:57 | Build | Farm |
| 21:57 | Build | Farm |
| 21:57 | Build | Farm |
| 21:58 | Build | Farm |
| 22:16 | Research | Town Watch |
| 22:18 | Create | Villager (Male) ×2 |
| 22:40 | Create | Villager (Male) ×2 |
| 23:07 | Create | Cavalry Archer ×5 |
| 23:14 | Build | Stone Wall |
| 23:18 | Build | Siege Workshop |
| 23:32 | Create | Villager (Male) ×3 |
| 23:44 | Build | Krepost |
| 23:46 | Create | Mangonel |
| 24:00 | Create | Villager (Male) ×2 |
| 24:57 | Build | Stone Wall |
| 25:13 | Build | Krepost |
| 25:18 | Create | Villager (Male) ×5 |
| 25:51 | Create | Villager (Male) ×3 |
| 26:08 | Create | Konnik |
| 26:15 | Build | Farm |
| 26:15 | Build | Farm |
| 26:15 | Build | Farm |
| 26:15 | Build | Farm |
| 26:16 | Build | Farm |
| 26:16 | Build | Farm |
| 26:16 | Build | Farm |
| 26:16 | Build | Farm |
| 26:17 | Build | Farm |
| 26:46 | Create | Konnik ×2 |
| 28:00 | Create | Villager (Male) |
| 28:09 | Create | Villager (Male) ×5 |
| 28:16 | Build | Town Center |
| 28:28 | Build | Dock |
| 28:37 | Create | Konnik ×4 |
| 28:54 | Build | Stable |
| 29:13 | Research | Scale Barding Armor |
| 29:29 | Build | Dock |
| 29:54 | Create | Villager (Male) ×5 |
| 29:59 | Create | Villager (Male) ×2 |
| 30:17 | Create | Villager (Male) |
| 30:19 | Build | Farm |
| 30:19 | Build | Farm |
| 30:19 | Build | Farm |
| 30:20 | Build | Farm |
| 30:20 | Build | Farm |
| 30:20 | Build | Farm |
| 30:31 | Research | Bloodlines |
| 30:36 | Build | Mining Camp |
| 30:38 | Create | Villager (Male) |
| 31:09 | Create | Konnik ×4 |
| 31:27 | Create | Villager (Male) ×3 |
| 31:32 | Build | Lumber Camp |
| 32:10 | Create | Konnik ×5 |
| 32:12 | Create | Villager (Male) ×2 |
| 32:20 | Research | Forging |
Match timeline
| 4:31 | JefferyCZ · first_building Dock |
| 4:34 | JefferyCZ · wall_segment Palisade Wall x1 |
| 4:39 | BLKN Jasar · first_building Dock |
| 8:41 | BLKN Jasar · first_building Barracks |
| 9:45 | JefferyCZ · wall_segment Palisade Wall x1 |
| 9:46 | JefferyCZ · wall_segment Palisade Wall x1 |
| 9:49 | JefferyCZ · wall_segment Palisade Wall x1 |
| 10:28 | JefferyCZ · age_up feudal |
| 10:44 | JefferyCZ · wall_segment Palisade Wall x1 |
| 10:44 | JefferyCZ · wall_segment Palisade Wall x1 |
| 10:46 | JefferyCZ · wall_segment Palisade Wall x1 |
| 13:18 | JefferyCZ · first_building Barracks |
| 14:02 | JefferyCZ · first_building Archery Range |
| 14:51 | JefferyCZ · age_up castle |
| 15:28 | JefferyCZ · first_market_buy 100 food |
| 20:01 | BLKN Jasar · wall_segment Palisade Wall x7 |
| 20:11 | BLKN Jasar · wall_segment Palisade Wall x1 |
| 21:13 | BLKN Jasar · first_building Siege Workshop |
| 21:42 | BLKN Jasar · first_market_sell 100 wood |
| 21:43 | BLKN Jasar · first_market_buy 100 food |
| 23:14 | JefferyCZ · wall_segment Stone Wall x1 |
| 23:18 | JefferyCZ · first_building Siege Workshop |
| 23:44 | JefferyCZ · first_building Krepost |
| 24:57 | JefferyCZ · wall_segment Stone Wall x2 |
| 28:54 | JefferyCZ · first_building Stable |
| 32:31 | BLKN Jasar · first_building Castle |
| 37:24 | JefferyCZ · first_market_sell 500 wood |
| 37:40 | BLKN Jasar · wall_segment Palisade Wall x1 |
| 38:26 | BLKN Jasar · wall_segment Palisade Wall x1 |
| 38:55 | BLKN Jasar · wall_segment Palisade Wall x1 |
| 38:55 | JefferyCZ · first_building Monastery |
| 39:48 | JefferyCZ · first_building Castle |
| 40:43 | JefferyCZ · age_up imperial |
| 45:27 | BLKN Jasar · first_building Monastery |
| 47:21 | BLKN Jasar · resign |
[ AI ANALYSIS · 1 CREDIT ]
What really happened in this match?
Wolo.gg analyzes every decision: build order, eco, micro, common mistakes by bracket. Personalized analysis on WhatsApp or Discord in 30 seconds.
Civ guide
Romans
Perfil
BLKN Jasar